[ PARTIDA AOE2 · #494342183 ]
UnrankedBereberes vs Burmese
[ ANÁLISIS DE REPETICIÓN · EXTRAÍDO DE LA PARTIDA GRABADA ]
Feudal
—
Castillos
—
Imperial
—
| APM promedio | 47.0 |
| APM pico | 71 |
| eAPM promedio | 17.8 |
| Aldeanos / militares | 24 / 0 |
Foco
⚔️ 23.0% · 🌾 77.0%
Feudal
—
Castillos
—
Imperial
—
| APM promedio | 0.2 |
| APM pico | 1 |
| eAPM promedio | 0.2 |
| Aldeanos / militares | 0 / 0 |
Feudal
—
Castillos
—
Imperial
—
| APM promedio | 69.6 |
| APM pico | 112 |
| eAPM promedio | 21.8 |
| Aldeanos / militares | 21 / 0 |
Foco
⚔️ 31.7% · 🌾 68.3%
Feudal
—
Castillos
—
Imperial
—
| APM promedio | 68.2 |
| APM pico | 94 |
| eAPM promedio | 14.7 |
| Aldeanos / militares | 19 / 0 |
Foco
⚔️ 8.1% · 🌾 91.9%
Mapa de la partida
Recursos iniciales + cada clic de construcción. Líneas = muros · curvas = relieve. ◆ oro · ⬟ piedra · ● bayas · ✦ reliquia · ◌ hueco del cierre
Tu base
Base de Its me poison
Base de DS_Uruguayo
Base de RealDeal77
Terreno inicial suavizado · ◌ = hueco del cierre detectado · pasá el cursor para detalles
Inputs por minuto
— ElPepe - - Its me poison
Build order — ElPepe
35 acciones detectadas en el replay
| 0:00 | Crear | Villager (Male) |
| 0:00 | Crear | Villager (Male) |
| 0:00 | Crear | Villager (Male) |
| 0:02 | Construir | House |
| 0:03 | Construir | House |
| 0:19 | Crear | Villager (Male) |
| 0:19 | Crear | Villager (Male) |
| 1:30 | Crear | Villager (Male) |
| 1:30 | Crear | Villager (Male) |
| 1:31 | Crear | Villager (Male) |
| 1:54 | Crear | Villager (Male) |
| 1:54 | Crear | Villager (Male) |
| 1:54 | Crear | Villager (Male) |
| 2:33 | Crear | Villager (Male) |
| 2:33 | Crear | Villager (Male) |
| 2:40 | Crear | Villager (Male) |
| 2:40 | Crear | Villager (Male) |
| 2:54 | Crear | Villager (Male) |
| 3:26 | Crear | Villager (Male) |
| 3:43 | Crear | Villager (Male) |
| 3:46 | Construir | Lumber Camp |
| 3:49 | Crear | Villager (Male) |
| 3:49 | Crear | Villager (Male) |
| 4:01 | Crear | Villager (Male) |
| 4:05 | Construir | House |
| 4:57 | Crear | Villager (Male) |
| 4:57 | Crear | Villager (Male) |
| 5:02 | Construir | House |
| 5:03 | Construir | Palisade Wall |
| 5:04 | Construir | Palisade Wall |
| 5:04 | Construir | Palisade Wall |
| 5:05 | Construir | Palisade Wall |
| 5:05 | Construir | Palisade Wall |
| 5:06 | Construir | Palisade Wall |
| 5:08 | Crear | Villager (Male) |
Build order — Its me poison
0 acciones detectadas en el replay
Build order — DS_Uruguayo
26 acciones detectadas en el replay
| 0:00 | Crear | Villager (Male) |
| 0:01 | Crear | Villager (Male) |
| 0:01 | Construir | House |
| 0:02 | Construir | House |
| 0:07 | Crear | Villager (Male) |
| 0:07 | Crear | Villager (Male) |
| 0:08 | Crear | Villager (Male) |
| 1:11 | Crear | Villager (Male) |
| 1:54 | Construir | Lumber Camp |
| 2:02 | Crear | Villager (Male) |
| 2:02 | Crear | Villager (Male) |
| 2:19 | Crear | Villager (Male) |
| 2:55 | Crear | Villager (Male) |
| 2:55 | Crear | Villager (Male) |
| 3:11 | Crear | Villager (Male) |
| 3:36 | Crear | Villager (Male) |
| 3:37 | Crear | Villager (Male) |
| 4:11 | Crear | Villager (Male) |
| 4:11 | Crear | Villager (Male) |
| 4:18 | Construir | House |
| 4:33 | Construir | Mill |
| 4:39 | Crear | Villager (Male) |
| 4:40 | Crear | Villager (Male) |
| 4:40 | Crear | Villager (Male) |
| 4:40 | Crear | Villager (Male) |
| 5:07 | Crear | Villager (Male) |
Build order — RealDeal77
24 acciones detectadas en el replay
| 0:00 | Crear | Villager (Male) |
| 0:01 | Crear | Villager (Male) |
| 0:01 | Crear | Villager (Male) |
| 0:01 | Crear | Villager (Male) |
| 0:02 | Construir | House |
| 0:04 | Construir | House |
| 1:27 | Crear | Villager (Male) |
| 1:45 | Construir | Lumber Camp |
| 1:55 | Crear | Villager (Male) |
| 2:11 | Crear | Villager (Male) |
| 2:47 | Crear | Villager (Male) |
| 2:47 | Crear | Villager (Male) |
| 2:59 | Crear | Villager (Male) |
| 3:00 | Crear | Villager (Male) |
| 3:36 | Crear | Villager (Male) |
| 3:36 | Crear | Villager (Male) |
| 3:51 | Construir | House |
| 3:53 | Construir | House |
| 3:56 | Crear | Villager (Male) |
| 4:40 | Crear | Villager (Male) |
| 4:40 | Crear | Villager (Male) |
| 4:41 | Crear | Villager (Male) |
| 5:06 | Crear | Villager (Male) |
| 5:06 | Crear | Villager (Male) |
Cronología de la partida
| 4:14 | Its me poison · resign |
| 5:03 | ElPepe · wall_segment Palisade Wall x1 |
| 5:04 | ElPepe · wall_segment Palisade Wall x1 |
| 5:04 | ElPepe · wall_segment Palisade Wall x1 |
| 5:05 | ElPepe · wall_segment Palisade Wall x1 |
| 5:05 | ElPepe · wall_segment Palisade Wall x1 |
| 5:06 | ElPepe · wall_segment Palisade Wall x1 |
[ ANÁLISIS IA · 1 CRÉDITO ]
¿Qué pasó realmente en esta partida?
Wolo.gg analiza cada decisión: build order, eco, micro, errores típicos por bracket. Análisis personalizado por WhatsApp o Discord en 30 segundos.
Guía civ
Bereberes
Perfil
ElPepe